 Dungeon Crawl Stone Soup version 0.18.1-50-g88ac8fd (console) character file.

2720 Kloppie the Spear-Bearer (level 9, -2/72 HPs)
             Began as a Merfolk Berserker on Oct 6, 2016.
             Was an Elder of Trog.
             Killed from afar by a steam dragon (12 damage)
             ... with a ball of steam
             ... on level 8 of the Dungeon.
             The game lasted 00:10:28 (5708 turns).

Kloppie the Spear-Bearer (Merfolk Berserker)        Turns: 5708, Time: 00:10:29

Health: -2/72      AC: 10    Str: 20    XL:     9   Next: 66%
Magic:  9/9        EV: 21    Int:  7    God:    Trog [****..]
Gold:   342        SH:  0    Dex: 19    Spells: 0 memorised, 8 levels left

rFire  . . .     SeeInvis +     a - +0 spear
rCold  . . .     Gourm    .     I - +3 leather armour
rNeg   . . .     Faith    .     (no shield)
rPois  .         Spirit   .     g - +2 hat {SInv}
rElec  .         Dismiss  .     A - +0 cloak
rCorr  .         Reflect  .     y - +0 pair of gloves
SustAt .         Harm     .     (no boots)
MR     ++...                    (no amulet)
Stlth  +.........               q - +3 ring of strength
                                d - +3 ring of dexterity

@: exhausted, regenerating, slowed, very slow, very resistant to hostile
enchantments, very unstealthy
A: change form in water, swift swim
a: Berserk, Trog's Hand, Brothers in Arms, Burn Spellbooks, Renounce Religion


You were on level 8 of the Dungeon.
You worshipped Trog.
Trog was greatly pleased with you.
You were very hungry.

You visited 1 branch of the dungeon, and saw 8 of its levels.

You collected 342 gold pieces.

Inventory:

Hand Weapons
 a - a +0 spear (weapon)
Armour
 g - a +2 hat of see invisible (worn)
 y - a +0 pair of gloves (worn)
 A - a +0 cloak (worn)
 I - a +3 leather armour (worn)
Jewellery
 d - a +3 ring of dexterity (left hand)
 q - a +3 ring of strength (right hand)
Wands
 w - a wand of slowing (31/48)
 z - a wand of confusion (14/48)
Scrolls
 h - a scroll of enchant armour {unknown}
 i - 3 scrolls of magic mapping {unknown}
 o - 2 scrolls of remove curse
 C - 5 scrolls of teleportation
 F - a scroll of enchant weapon {unknown}
Potions
 b - 2 potions of resistance
 e - a potion of mutation
 k - 2 potions of cure mutation
 l - 2 potions of magic
 m - a potion of ambrosia
 p - 3 potions of degeneration {unknown}
 s - 4 potions of flight {unknown}
 t - a potion of lignification {unknown}
 u - 2 potions of might {unknown}
 x - 3 potions of curing {unknown}
 D - a potion of invisibility {unknown}
 G - a potion of brilliance {unknown}
Books
 B - a book of Clouds

   Spells                             Type                      Level
   a - Mephitic Cloud                 Conjuration/Poison/Air       3
   b - Conjure Flame                  Conjuration/Fire             3
   c - Poisonous Cloud                Conjuration/Poison/Air       6
   d - Freezing Cloud                 Conjuration/Ice/Air          6
   e - Ring of Flames                 Charms/Fire                  7
   Trog disapproves of the use of such an item.
 E - a book of Burglary

   Spells                             Type                      Level
   a - Swiftness                      Charms/Air                   2
   b - Passwall                       Transmutation/Earth          2
   c - Passage of Golubria            Translocation                4
   d - Lee's Rapid Deconstruction     Earth                        5
   e - Darkness                       Hexes                        6
   f - Invisibility                   Hexes                        6
   Trog disapproves of the use of such an item.
Comestibles
 c - 6 bread rations
 f - 6 meat rations
 n - 11 fruits
 r - 6 chunks of flesh
 v - 2 beef jerkies
 H - 8 slices of pizza


   Skills:
 - Level 7.3 Fighting
 + Level 12.0 Polearms
 - Level 1.3 Armour
 + Level 10.8 Dodging


You had 8 spell levels left.
You didn't know any spells.

Dungeon Overview and Level Annotations

Branches:
Dungeon (8/15)             Temple (0/1) D:6
   Lair: D:8-11

Altars:
Ashenzari
Cheibriados
Elyvilon
Fedhas
Okawaru
Pakellas
Ru
Xom
Yredelemnul
Zin

Annotations:
D:8 imphell's ghost, novice MiBe


Message History

* * * LOW HITPOINT WARNING * * *
The steam dragon barely misses you. The steam dragon closely misses you.
The steam dragon completely misses you. The steam dragon breathes steam at you.
The ball of steam misses you.
Your skin crawls.
You feel resistant to hostile enchantments.
You are feeling very hungry.
You are engulfed in a cloud of scalding steam.
* * * LOW HITPOINT WARNING * * *
The steam dragon bites you but does no damage.
The steam dragon claws you but does no damage.
The steam dragon bites you but does no damage.
The steam dragon claws you but does no damage.
The steam dragon bites you!
* * * LOW HITPOINT WARNING * * *
The steam dragon misses you. The steam dragon breathes steam at you.
The ball of steam hits you!
You die...

########### .......).(#
#########.# #..^...#.#### #
#.####.#....# # #.#
#...<#.# # #.#########.#
#.# # ####...........# #.#
# #.........@###.# #.#
#######........)ยง#######.#
..))..'..........DW...##.#
#####################.##.#
#.##.########
.8####.#...!.)....
...##....W.........
..._#..............
/..####.###########


You could see a steam dragon.

Vanquished Creatures
  Psyche (D:8)
  A human (D:7)
  The ghost of Nukefarmer the Sneak, an amateur NaAs (D:3)
  2 hogs (D:7)
  An orc warrior (D:7)
  2 ice beasts
  An ogre (D:6)
  3 centaurs
  A big kobold (D:7)
  4 giant frogs
  A giant frog zombie (D:6)
  2 centaur skeletons (D:5)
  4 orc priests
  A hound (D:7)
  A giant frog skeleton (D:4)
  2 iguanas (D:6)
  Jessica (D:2)
  Terence (D:2)
  Natasha (thrice) (D:2 D:3)
  3 orc wizards (D:7)
  3 worker ants
  2 sheep (D:7)
  7 gnolls
  7 adders
  A shadow imp (D:6)
  3 oozes
  An adder skeleton (D:4)
  6 worms
  2 dart slugs
  6 giant geckos
  20 orcs
  9 giant cockroaches
  6 goblins
  8 hobgoblins
  8 jackals
  A quokka (D:4)
  2 ball pythons (D:3)
  3 bats (D:2)
  A giant cockroach zombie (D:5)
  7 giant newts
  11 kobolds
  7 rats
  A butterfly (D:6)
158 creatures vanquished.

Vanquished Creatures (others)
  A crocodile (D:6)
1 creature vanquished.

Grand Total: 159 creatures vanquished

Notes
Turn   | Place    | Note
--------------------------------------------------------------
     0 | D:1      | Kloppie the Merfolk Berserker began the quest for the Orb.
     0 | D:1      | Reached XP level 1. HP: 18/18 MP: 1/1
   139 | D:1      | Reached XP level 2. HP: 24/24 MP: 2/2
   276 | D:1      | Reached skill level 5 in Polearms
   324 | D:1      | Reached XP level 3. HP: 25/30 MP: 3/3
   564 | D:2      | Noticed Terence
   576 | D:2      | Killed Terence
   576 | D:2      | Reached XP level 4. HP: 34/37 MP: 4/4
   594 | D:2      | Noticed Natasha
   603 | D:2      | Killed Natasha
   603 | D:2      | Reached ** piety under Trog
   901 | D:2      | Noticed Jessica
   925 | D:2      | Killed Jessica
   925 | D:2      | Reached XP level 5. HP: 26/43 MP: 5/5
   961 | D:2      | Found a blossoming altar of Fedhas.
  1153 | D:2      | Reached skill level 6 in Polearms
  1553 | D:3      | Noticed Natasha
  1583 | D:3      | Killed Natasha
  1583 | D:3      | Reached skill level 5 in Dodging
  1714 | D:3      | Found a shimmering altar of Xom.
  1714 | D:3      | Found a white marble altar of Elyvilon.
  1797 | D:3      | Reached *** piety under Trog
  1867 | D:3      | Noticed Nukefarmer's ghost (amateur NaAs)
  1868 | D:3      | Noticed Natasha
  1883 | D:3      | Killed Nukefarmer's ghost
  1883 | D:3      | Reached skill level 5 in Fighting
  1883 | D:3      | Reached XP level 6. HP: 51/51 MP: 6/6
  1899 | D:3      | Killed Natasha
  1899 | D:3      | Reached skill level 7 in Polearms
  2317 | D:4      | Reached XP level 7. HP: 56/56 MP: 7/7
  2959 | D:5      | Entered Level 5 of the Dungeon
  3240 | D:5      | Found a basalt altar of Yredelemnul.
  3272 | D:5      | Reached skill level 8 in Polearms
  3972 | D:6      | Reached XP level 8. HP: 54/65 MP: 8/8
  4059 | D:6      | Found a staircase to the Ecumenical Temple.
  4233 | D:6      | Found a shattered altar of Ashenzari.
  4234 | D:6      | Found a glowing silver altar of Zin.
  4501 | D:6      | Found an oddly glowing altar of Pakellas.
  4501 | D:6      | Noticed an orange crystal statue
  4759 | D:7      | Reached skill level 9 in Polearms
  4763 | D:7      | Reached **** piety under Trog
  4871 | D:7      | Found a snail-covered altar of Cheibriados.
  5060 | D:7      | Reached skill level 10 in Polearms
  5109 | D:7      | Found a sacrificial altar of Ru.
  5188 | D:7      | Reached XP level 9. HP: 60/72 MP: 9/9
  5443 | D:7      | Reached skill level 11 in Polearms
  5443 | D:7      | Reached skill level 10 in Dodging
  5663 | D:8      | Found an iron altar of Okawaru.
  5665 | D:8      | Noticed Psyche
  5671 | D:8      | Noticed imphell's ghost (novice MiBe)
  5682 | D:8      | Killed Psyche
  5682 | D:8      | Reached skill level 12 in Polearms
  5694 | D:8      | HP: 2/72 [imphell's ghost (12)]
  5708 | D:8      | Killed from afar by a steam dragon

Skill      XL: |  1  2  3  4  5  6  7  8  9 |
---------------+----------------------------+-----
Dodging        | 3 4 5 7 9 10 | 10.8
Polearms       | 5 6 7 8 10 12 | 12.0
Fighting       | 4 5 6 7 |  7.3
Armour         | |  1.3

Action                   |  1- 3 |  4- 6 |  7- 9 || total
-------------------------+-------+-------+-------++-------
Melee: Spear             |   102 |   270 |   543 ||   915
Invok: Berserk           |     1 |     2 |     7 ||    10
       Trog's Hand       |       |     2 |     3 ||     5
  Use: Scroll            |       |     5 |     4 ||     9
       Potion            |       |       |     2 ||     2
 Stab: Sleeping          |       |     1 |     7 ||     8
       Distracted        |       |     1 |     1 ||     2
  Eat: Chunk             |       |     7 |    19 ||    26
Armor: Animal skin       |     7 |       |       ||     7
       Ring mail         |    16 |    34 |       ||    50
       Leather armour    |       |    17 |    61 ||    78
Dodge: Dodged            |    35 |   134 |   275 ||   444
